 Dungeon Crawl Stone Soup version 0.21-a0-401-g0b6bec4 (webtiles) character file.

58960 rjrrt the Severer (level 14, -25/116 HPs)
             Began as a Minotaur Gladiator on Oct 24, 2017.
             Was the Champion of Makhleb.
             Hit by a large rock thrown by a stone giant (39 damage)
             ... on level 2 of the Orcish Mines on Oct 25, 2017.
             The game lasted 00:49:58 (19770 turns).

rjrrt the Severer (Minotaur Gladiator)             Turns: 19770, Time: 00:49:58

Health: -25/116    AC: 20    Str: 23    XL:     14   Next: 51%
Magic:  19/19      EV: 10    Int:  3    God:    Makhleb [******]
Gold:   2043       SH:  0    Dex: 11    Spells: 11/13 levels left

rFire    . . .     SeeInvis +   a - +3 battleaxe (freeze)
rCold    . . .     Gourm    .   (shield currently unavailable)
rNeg     + . .     Faith    .   V - +4 chain mail
rPois    +         Spirit   .   L - +2 hat {SInv}
rElec    .         Reflect  .   R - +1 cloak
rCorr    .         Harm     .   (no gloves)
MR       +....                  (no boots)
Stlth    ..........             I - amulet of rage
HPRegen  0.69/turn              l - ring of poison resistance
MPRegen  0.16/turn              C - ring of positive energy

@: drained
A: retaliatory headbutt, horns 2, clumsy 1, dopey 1, frail 1, regeneration 1,
wild magic 1
a: Minor Destruction, Lesser Servant of Makhleb, Major Destruction, Greater
Servant of Makhleb, Renounce Religion, Evoke Berserk Rage


You were on level 2 of the Orcish Mines.
You worshipped Makhleb.
Makhleb was exalted by your worship.
You were hungry.

You visited 3 branches of the dungeon, and saw 19 of its levels.
You also visited: Labyrinth, Ossuary and Ice Cave.

You collected 2043 gold pieces.

Inventory:

Hand Weapons
 a - a +3 battleaxe of freezing (weapon)
 c - the +7 great mace "Firestarter" {inner flame, rF++}
   (You found it on level 5 of the Lair of Beasts)

   It has been specially enchanted to burn those struck by it, causing extra
   injury to most foes and up to half again as much damage against particularly
   susceptible opponents.
   It greatly protects you from fire.
 e - the +3 executioner's axe of Zin's Esteem {protect, rElec MR- Str+7 Dex+4}
   (You acquired it on level 11 of the Dungeon)

   It protects the one who uses it against injury (+AC on strike).
   It affects your strength (+7).
   It affects your dexterity (+4).
   It insulates you from electricity.
   It affects your resistance to hostile enchantments.
 f - a +1 war axe of flaming
Missiles
 d - 2 throwing nets (quivered)
Armour
 L - a +2 hat of see invisible (worn)
 R - a +1 cloak (worn)
 V - a +4 chain mail (worn)
Jewellery
 l - a ring of poison resistance (left hand)
 z - an uncursed ring of ice
 C - a ring of positive energy (right hand)
 I - an amulet of rage (around neck)
 N - an uncursed ring of flight
 O - an uncursed ring of fire
Wands
 g - a wand of paralysis (3/24)
 h - a wand of polymorph (17/24)
 r - a wand of iceblast (2/15)
 s - a wand of iceblast (9/15)
 G - a wand of confusion (27/48)
Scrolls
 i - 16 scrolls of teleportation
 y - 2 scrolls of immolation
 A - 4 scrolls of recharging
 F - a scroll of blinking
 J - 12 scrolls of remove curse
 K - a scroll of enchant weapon
 P - a scroll of fear
 Q - 2 scrolls of identify
 S - a scroll of magic mapping
 U - 2 scrolls of amnesia
Potions
 b - 5 potions of agility
 m - 8 potions of might
 n - 5 potions of curing
 p - 3 potions of ambrosia
 t - 2 potions of magic
 v - 2 potions of cancellation
 x - 4 potions of mutation
 B - 2 potions of haste
 D - 4 potions of lignification
 E - 2 potions of resistance
 H - 4 potions of invisibility
 M - a potion of berserk rage
Books
 T - a book of Debilitation

   Spells                             Type                      Level
   a - Corona                         Hexes                        1
   b - Slow                           Hexes                        2
   c - Inner Flame                    Hexes/Fire                   3
   d - Portal Projectile              Hexes/Translocation          3
   e - Cause Fear                     Hexes                        4
   f - Leda's Liquefaction            Hexes/Earth                  4
Comestibles
 j - 10 royal jellies
 k - 4 fruits
 o - 9 meat rations
 u - 8 chunks of flesh
 Y - 10 bread rations


   Skills:
 * Level 13.1(12.3) Fighting
 * Level 18.0(17.6) Axes
   Level 7.8(13.2) Polearms
 - Level 2.0(1.4) Throwing
 + Level 11.9(11.1) Armour
 + Level 5.7(5.1) Dodging
 - Level 8.0(7.3) Invocations
 - Level 8.0(7.3) Evocations


You had 11 spell levels left.
You knew the following spells:

 Your Spells              Type           Power        Failure   Level  Hunger
k - Blink                 Tloc           N/A          99%         2    ###....


Dungeon Overview and Level Annotations

Branches:
Dungeon (11/15)            Temple (0/1) D:5            Lair (6/6) D:10
 Shoals (0/4) Lair:3       Spider (0/4) Lair:4        Slime (0/5) Lair:6
    Orc (2/2) D:11            Elf (0/3) Orc:2

Altars:
Ashenzari
Dithmenos
Elyvilon
Fedhas
Gozag
Kikubaaqudgha
Makhleb
Nemelex Xobeh
Trog
Uskayaw
Vehumet
Yredelemnul
Beogh
Jiyva

Shops:
D:8 (   D:11 %*

Annotations:
D:7 2 transporters
Lair:4 exclusion: oklob plant


Innate Abilities, Weirdness & Mutations

You reflexively headbutt those who attack you in melee.
You have a pair of horns on your head.
You are clumsy. (Dex -2)
You are dopey. (Int -2)
You are frail. (-10% HP)
Your natural rate of healing is unusually fast.
Your spells are a little harder to cast, but a little more powerful.


Message History

Your neqoxec hits the orc knight.
Unknown command.
The stone giant seems to regain its courage.
The stone giant throws a large rock.
The large rock hits you!
* * * LOW HITPOINT WARNING * * *
Your orange demon stings the stone giant from afar.
The stone giant looks as sick as possible!
Your orange demon poisons the stone giant!
You see here a large rock.
The stone giant throws a large rock.
The large rock hits you!
* * * LOW HITPOINT WARNING * * *
Your orange demon stings the stone giant but does no damage.
You see here a large rock.
Unknown command.
Okay, then.
Unknown command.
As you read the scroll of fog, it crumbles to dust.
The scroll dissolves into smoke.
The stone giant throws a large rock.
The large rock hits you!!!
You die...

#.o.................
##.3................
##...................
#.......4.C.........#
#.#.<......#.........
#####.#.....#.##.........
##.........[)###.......... .
#.[[....§§§[.####......... .. ##
##)###..§@§....##.........
#..##.###.###..§§§....##...$.....
#......#...###.#...............##
#..........#####................
#...##......# ##....<........##
#..#.##....## ##.............##
#..o........# #..............#
..o.....#....###..#..........#
.........##.####.............#.


You could see a stone giant, a friendly orange demon and a friendly neqoxec.

Vanquished Creatures
  Rupert (Lair:6)
  A frost giant (IceCv)
  A minotaur (Lab)
  Fannar (D:10)
  A hydra (D:11)
  Erica (D:8)
  A two-headed ogre (D:8)
  Sonja (D:10)
  An orc knight (Orc:2)
  An orc sorcerer (Orc:2)
  5 black mambas
  Maurice (D:11)
  15 elephants
  A torpor snail (Lair:6)
  An ice statue (IceCv)
  7 spiny frogs
  Psyche (D:10)
  2 rime drakes
  8 komodo dragons
  A minotaur zombie (Lab)
  4 trolls
  A hornet (D:10)
  A queen bee (D:9)
  24 polar bears
  2 hippogriffs (Lair:2)
  3 raiju (Lair:6)
  3 blink frogs (Lair:4)
  65 yaks
  2 wyverns (Lair:4)
  4 basilisks
  Grum (D:8)
  A steam dragon (D:8)
  A hungry ghost (D:7)
  Menkaure (D:7)
  16 wargs
  12 water moccasins
  12 hell hounds (Lair:6)
  7 porcupines
  6 sky beasts
  14 orc warriors
  2 ice beasts
  2 phantoms
  11 black bears (Lair:6)
  6 ogres
  35 wolves
  8 centaurs
  10 crocodiles
  20 bullfrogs
  A wyvern zombie (D:6)
  2 scorpions
  A wyvern skeleton (D:11)
  15 killer bees (D:9)
  The ghost of dialectric the Ducker, a weakling DsGl (D:3)
  4 howler monkeys
  3 crimson imps
  8 hounds
  A quasit (D:11)
  4 jellies
  9 orc priests
  2 bullfrog skeletons
  14 orc wizards
  A centaur skeleton (D:7)
  18 iguanas
  10 worker ants
  8 big kobold zombies (Ossuary)
  A hound zombie (D:6)
  A hound skeleton (D:8)
  A mummy (Ossuary)
  A gnoll (D:1)
  16 adders
  5 shadow imps
  2 oozes
  An adder zombie (D:7)
  An adder skeleton (D:10)
  5 dart slugs
  4 leopard geckos
  69 orcs
  5 spectral bats (Ossuary)
  3 ball pythons
  3 bats
  11 giant cockroaches
  5 goblins
  6 hobgoblins
  20 jackals
  9 kobolds
  3 quokkas
  2 bat simulacra (Ossuary)
  6 frilled lizards
  4 gnoll zombies (Ossuary)
  3 goblin simulacra (Ossuary)
  3 goblin zombies (Ossuary)
  7 hobgoblin zombies (Ossuary)
  A kobold simulacrum (Ossuary)
  3 kobold zombies (Ossuary)
  5 orc zombies (Ossuary)
  A quokka skeleton (D:7)
  A quokka zombie (D:6)
  8 rats
  4 rat simulacra (Ossuary)
  3 spectral goblins (Ossuary)
  A spectral kobold (Ossuary)
  4 spectral rats (Ossuary)
  4 fungi
  3 plants
663 creatures vanquished.

Vanquished Creatures (collateral kills)
  The ghost of marcelo90z the Cruncher, a journeyman MiGl of Trog (Orc:2)
  A hydra (Lair:1)
  A spiny frog (Lair:6)
  2 komodo dragons (Lair:1)
  A rime drake (Lair:6)
  3 yaks
  A basilisk (Lair:2)
  A water moccasin (Lair:1)
  A porcupine (Lair:1)
  An orc wizard (Orc:2)
13 creatures vanquished.

Vanquished Creatures (others)
  A bullfrog zombie (D:8)
  2 bushes (Lair:6)
  4 fungi
  21 plants
28 creatures vanquished.

Grand Total: 704 creatures vanquished

Notes
Turn   | Place    | Note
-------+----------+-------------------------------------------
     0 | D:1      | rjrrt the Minotaur Gladiator began the quest for the Orb.
     0 | D:1      | Reached XP level 1. HP: 18/18 MP: 0/0
   214 | D:1      | Reached XP level 2. HP: 20/25 MP: 1/1
   440 | D:1      | Reached skill level 5 in Polearms
   677 | D:1      | Reached XP level 3. HP: 30/30 MP: 2/2
  1290 | D:2      | Found a faded altar of an unknown god.
  1296 | D:2      | Became a worshipper of Makhleb the Destroyer
  1296 | D:2      | Reached * piety under Makhleb
  1468 | D:2      | Reached XP level 4. HP: 32/37 MP: 3/3
  1827 | D:3      | Reached skill level 1 in Invocations
  1970 | D:2      | Found a radiant altar of Vehumet.
  1970 | D:2      | Found a burning altar of Makhleb.
  2052 | D:3      | Reached XP level 5. HP: 33/42 MP: 4/4
  2066 | D:3      | Reached ** piety under Makhleb
  2114 | D:3      | Noticed dialectric's ghost (weakling DsGl)
  2168 | D:3      | Killed dialectric's ghost
  2598 | D:4      | Reached XP level 6. HP: 50/50 MP: 6/6
  2739 | D:4      | Reached skill level 1 in Axes
  2767 | D:4      | Found a shadowy altar of Dithmenos.
  2837 | D:4      | Reached skill level 2 in Axes
  2883 | D:4      | Reached *** piety under Makhleb
  2883 | D:4      | Reached skill level 3 in Axes
  2883 | D:4      | Reached XP level 7. HP: 36/56 MP: 8/8
  3272 | D:4      | Reached skill level 4 in Axes
  3507 | D:5      | Entered Level 5 of the Dungeon
  3508 | D:5      | Found a blossoming altar of Fedhas.
  3508 | D:5      | Found an opulent altar of Gozag.
  3510 | D:5      | Found a shattered altar of Ashenzari.
  3538 | D:5      | Found a sand-covered staircase.
  3546 | Ossuary  | Entered an ossuary
  3651 | Ossuary  | Reached skill level 5 in Axes
  3656 | Ossuary  | Reached **** piety under Makhleb
  3885 | Ossuary  | Reached skill level 6 in Axes
  4102 | D:5      | Reached XP level 8. HP: 51/62 MP: 10/10
  4105 | D:5      | Gained mutation: Your natural rate of healing is unusually fast. [mutagenic meat]
  4106 | D:5      | Gained mutation: Armour fits poorly on your strangely shaped body. [mutagenic meat]
  4107 | D:5      | Lost mutation: Armour fits poorly on your strangely shaped body. [mutagenic meat]
  4108 | D:5      | Gained mutation: Your spells are a little harder to cast, but a little more powerful. [mutagenic meat]
  4109 | D:5      | Gained mutation: You are frail. (-10% HP) [mutagenic meat]
  4110 | D:5      | Gained mutation: You are clumsy. (Dex -2) [mutagenic meat]
  4157 | D:5      | Reached skill level 7 in Axes
  4465 | D:5      | Reached skill level 8 in Axes
  4468 | D:5      | Gained mutation: You are dopey. (Int -2) [mutagenic meat]
  4583 | D:5      | Found a sparkling altar of Nemelex Xobeh.
  4603 | D:5      | Reached skill level 9 in Axes
  4637 | D:5      | Reached ***** piety under Makhleb
  4653 | D:5      | Found a staircase to the Ecumenical Temple.
  4749 | D:5      | Found a hide-covered altar of Uskayaw.
  4816 | D:5      | Reached skill level 1 in Armour
  5880 | D:6      | Reached skill level 10 in Axes
  5880 | D:6      | Reached XP level 9. HP: 50/63 MP: 11/11
  6201 | D:7      | Reached skill level 1 in Evocations
  6240 | D:7      | Found a transporter.
  6273 | D:7      | Found a transporter.
  6280 | D:7      | Noticed a seven-headed hydra
  6282 | D:7      | Found a white marble altar of Elyvilon.
  6283 | D:7      | Found an ancient bone altar of Kikubaaqudgha.
  6283 | D:7      | Found a basalt altar of Yredelemnul.
  6518 | D:7      | Reached skill level 5 in Fighting
  6618 | D:7      | Reached skill level 11 in Axes
  6813 | D:7      | Noticed Menkaure
  6827 | D:7      | Killed Menkaure
  7207 | D:8      | Found Ficvyvezorgh's Antique Weapon Shoppe.
  7212 | D:8      | Reached skill level 5 in Armour
  7222 | D:8      | Noticed Grum
  7227 | D:8      | Reached XP level 10. HP: 37/74 MP: 12/12
  7230 | D:8      | Killed Grum
  7351 | D:8      | Found a bloodstained altar of Trog.
  7391 | D:8      | Noticed a two-headed ogre
  7406 | D:8      | Killed a two-headed ogre
  7406 | D:8      | Reached skill level 12 in Axes
  7856 | D:8      | Noticed Erica
  7866 | D:8      | Killed Erica
  8811 | D:10     | Entered Level 10 of the Dungeon
  8823 | D:10     | Reached ****** piety under Makhleb
  8826 | D:10     | Reached skill level 5 in Invocations
  8844 | D:10     | Reached skill level 13 in Axes
  8856 | D:10     | Noticed Fannar
  8884 | D:9      | Reached XP level 11. HP: 25/82 MP: 13/13
  9001 | D:10     | Killed Fannar
  9001 | D:10     | Reached skill level 5 in Evocations
  9335 | D:10     | Noticed Sonja
  9388 | D:10     | Killed Sonja
  9445 | D:10     | Noticed Psyche
  9456 | D:10     | Killed Psyche
  9494 | D:10     | Found a staircase to the Lair.
  9768 | Lair:1   | Entered Level 1 of the Lair of Beasts
  9768 | Lair:1   | Noticed a six-headed hydra
  9780 | Lair:1   | Killed a four-headed hydra
  9948 | Lair:1   | Reached skill level 14 in Axes
 10013 | Lair:1   | Found a labyrinth entrance.
 10022 | Lab      | Entered a labyrinth
 10413 | Lab      | Noticed a minotaur
 10425 | Lab      | Killed a minotaur
 10471 | Lair:1   | Learned a level 2 spell: Blink
 10788 | Lair:1   | HP: 3/85 [wolf (4)]
 10966 | Lair:1   | Reached XP level 12. HP: 68/93 MP: 15/15
 12337 | Lair:3   | Reached skill level 15 in Axes
 12396 | Lair:3   | Found a staircase to the Shoals.
 13196 | Lair:4   | Reached skill level 10 in Fighting
 13300 | Lair:4   | Found a hole to the Spider Nest.
 13483 | Lair:4   | Reached XP level 13. HP: 95/102 MP: 17/17
 13484 | Lair:4   | Reached skill level 10 in Armour
 14595 | Lair:5   | Reached skill level 16 in Axes
 14605 | Lair:5   | Found the +7 great mace "Firestarter" {inner flame, rF++}
 15181 | Lair:6   | Entered Level 6 of the Lair of Beasts
 15341 | Lair:6   | Found a frozen archway.
 15351 | IceCv    | Entered an ice cave
 16067 | IceCv    | Noticed a frost giant
 16095 | IceCv    | Killed a frost giant
 16612 | Lair:6   | Noticed Rupert
 16626 | Lair:6   | Killed Rupert
 16626 | Lair:6   | Reached skill level 17 in Axes
 16734 | Lair:6   | Found a staircase to the Slime Pits.
 16734 | Lair:6   | Found a viscous altar of Jiyva.
 17013 | Lair:6   | Reached XP level 14. HP: 113/113 MP: 19/19
 17879 | Lair:6   | Reached skill level 5 in Dodging
 17956 | Lair:6   | Got a heavily runed ring mail
 18290 | D:11     | Found a staircase to the Orcish Mines.
 18358 | D:11     | Identified a scroll of acquirement
 18359 | D:11     | Got an ichor-stained executioner's axe
 18360 | D:11     | Identified the +3 executioner's axe of Zin's Esteem {protect, rElec MR- Str+7 Dex+4} (You acquired it on level 11 of the Dungeon)
 18447 | D:11     | Found Miegef's Demolitions Depot.
 18567 | D:11     | Noticed Maurice
 18574 | D:11     | Killed Maurice
 18649 | D:11     | Found Dulyaruiwk's Food Shop.
 19045 | Orc:1    | Entered Level 1 of the Orcish Mines
 19409 | Orc:1    | Found a roughly hewn altar of Beogh.
 19471 | Orc:2    | Entered Level 2 of the Orcish Mines
 19471 | Orc:2    | Found a staircase to the Elven Halls.
 19572 | Orc:2    | Noticed marcelo90z's ghost (journeyman MiGl)
 19591 | Orc:2    | Killed marcelo90z's ghost
 19591 | Orc:2    | Reached skill level 18 in Axes
 19751 | Orc:1    | Noticed a stone giant
 19770 | Orc:2    | Hit by a large rock thrown by a stone giant

Vault maps used:
D:1:      dpeg_arrival_rhombus, serial_bayou_lagoon_b
D:2:      nicolae_overflow_hidden_temple, first_bread,
          chequers_ecumenical_altar_simple_redux, minmay_pentomino_z2
D:4:      grunt_dithmenos_smoke, corexii_checkpoint_a
D:5:      nicolae_overflow_quartered_altars, minmay_temple_entry_trees,
          nicolae_ossuary_entry_plus, st_stairs_2, minmay_gold_behind_fungi,
          nemelex_diamond_rough_becter
D:6:      minivault_19
D:7:      kennysheep_windowed_halls, gammafunk_temple_overflow_arena,
          uniq_menkaure
D:8:      serial_shops, shop, trog_butcher_becter, uniq_grum, uniq_erica
D:9:      david_nohive_1
D:10:     minmay_lair_entry_grove, uniq_fannar, uniq_psyche, uniq_snorg,
          uniq_sonja
D:11:     david_orc_3, serial_shops, kennysheep_mini, nicolae_blasting_shop,
          uniq_maurice
Lair:1:   lab_entry_generic, lemuel_fruit_tree
Lair:2:   grunt_megastairs_4
Lair:3:   beast_lair_carwin_large_4, minmay_shoals_entry_centaurs, serial_bayou,
          serial_bayou_shore_b, serial_bayou_pond_e, serial_bayou_lagoon_a,
          serial_bayou_crossing
Lair:4:   spider_nest_entry_web_field, beast_lair_carwin_4
Lair:6:   hangedman_lair_caniforms_friends, slime_altar_1,
          portal_ice_cave_entry_pillars_1, serial_bayou_shore_b, uniq_rupert
Orc:1:    cheibrodos_orc_guarddog, basic_altar
Orc:2:    st_orc_mages, uniq_saint_roka
Lab:      labyrinth_hidden_loot, nicolae_lab_very_dead_end,
          labyrinth_skeletal_remains, nicolae_lab_lava, labyrinth_glass_1
Ossuary:  ossuary_zaba_two_paths
IceCv:    ice_cave_small_giant

Skill      XL: |  1  2  3  4  5  6  7  8  9 10 11 12 13 14 |
---------------+-------------------------------------------+-----
Polearms       | 4 5 6 7 |  7.8
Invocations    | 1 2 3 4 5 6 7 8 |  8.0
Axes           | 3 6 10 11 13 14 15 17 18 | 18.0
Armour         | 2 5 6 8 9 11 | 11.9
Fighting       | 3 5 7 9 10 12 13 | 13.1
Evocations     | 3 4 6 7 8 |  8.0
Dodging        | 4 5 |  5.7
Throwing       | |  2.0

Action                   |  1- 3 |  4- 6 |  7- 9 | 10-12 | 13-15 || total
-------------------------+-------+-------+-------+-------+-------++-------
Melee: Trident           |    91 |   122 |       |       |       ||   213
       Headbutt          |    11 |    28 |    77 |   143 |   164 ||   423
       War axe           |       |    44 |   502 |   683 |   292 ||  1521
       Battleaxe         |       |       |       |       |   370 ||   370
Throw: Throwing net      |       |       |     1 |       |       ||     1
Invok: Lesser Servant of |       |       |       |     3 |     7 ||    10
 Abil: Evoke Berserk Rag |       |       |     1 |     1 |     4 ||     6
Evoke: Wand              |       |       |       |     4 |     1 ||     5
  Use: Scroll            |       |    11 |    11 |     9 |    10 ||    41
       Potion            |       |       |       |     2 |     1 ||     3
 Stab: Distracted        |       |       |       |       |     3 ||     3
  Eat: Chunk             |     2 |     4 |    18 |    16 |    24 ||    64
       Fruit             |       |       |     4 |     6 |       ||    10
       Royal jelly       |       |       |     2 |     1 |       ||     3
Armor: Ring mail         |    14 |    27 |       |       |       ||    41
       Leather armour    |     1 |       |       |       |       ||     1
       Chain mail        |       |    30 |   210 |    25 |    25 ||   290
       Plate armour      |       |       |       |   400 |   450 ||   850
Dodge: Dodged            |    37 |    52 |    76 |   125 |   269 ||   559
Block: Shield            |       |    41 |   226 |   311 |   152 ||   730

Table legend:
 A = Spawn XP
 B = Non-spawn XP
 C = Spawn XP percentage of total XP
 D = Spawn monster count
 E = Non-spawn monster count
 F = Spawn count percentage of total count
 G = Total turns spent on level
                    A         B        C        D         E        F      G
               +---------+---------+-------+---------+---------+-------+---------
         Total |       0 |   84229 |   0.0 |       0 |     670 |   0.0 | 19770
               +---------+---------+-------+---------+---------+-------+---------
           D:1 |       0 |      51 |   0.0 |       0 |      20 |   0.0 |  1023
           D:2 |       0 |      55 |   0.0 |       0 |      22 |   0.0 |   723
           D:3 |       0 |     217 |   0.0 |       0 |      30 |   0.0 |   817
           D:4 |       0 |     724 |   0.0 |       0 |      38 |   0.0 |   944
           D:5 |       0 |     980 |   0.0 |       0 |      30 |   0.0 |  1090
           D:6 |       0 |     505 |   0.0 |       0 |      19 |   0.0 |  1058
           D:7 |       0 |    2255 |   0.0 |       0 |      36 |   0.0 |  1033
           D:8 |       0 |    3209 |   0.0 |       0 |      24 |   0.0 |   872
           D:9 |       0 |    1980 |   0.0 |       0 |      32 |   0.0 |   850
          D:10 |       0 |    4710 |   0.0 |       0 |      34 |   0.0 |   906
          D:11 |       0 |    3841 |   0.0 |       0 |      23 |   0.0 |   803
        Lair:1 |       0 |    5756 |   0.0 |       0 |      25 |   0.0 |  1040
        Lair:2 |       0 |    2423 |   0.0 |       0 |      15 |   0.0 |   803
        Lair:3 |       0 |    7665 |   0.0 |       0 |      45 |   0.0 |  1113
        Lair:4 |       0 |    8027 |   0.0 |       0 |      26 |   0.0 |  1103
        Lair:5 |       0 |    1549 |   0.0 |       0 |       7 |   0.0 |  1127
        Lair:6 |       0 |   23250 |   0.0 |       0 |     100 |   0.0 |  1726
         Orc:1 |       0 |    2283 |   0.0 |       0 |      31 |   0.0 |   450
         Orc:2 |       0 |    3779 |   0.0 |       0 |      21 |   0.0 |   275
           Lab |       0 |    1428 |   0.0 |       0 |       2 |   0.0 |   444
       Ossuary |       0 |     283 |   0.0 |       0 |      54 |   0.0 |   498
         IceCv |       0 |    9259 |   0.0 |       0 |      36 |   0.0 |  1072
               +---------+---------+-------+---------+---------+-------+---------
